 Dungeon Crawl Stone Soup version 0.18.1-8-gdd0e5ea (webtiles) character file.

373 m0ast the Ruffian (level 6, 0/52 (53) HPs)
             Began as a Ghoul Monk on June 12, 2016.
             Was a Follower of Ru.
             Slain by Grinder (9 damage)
             ... while paralysed by Grinder
             ... on level 4 of the Dungeon.
             The game lasted 00:18:40 (3337 turns).

m0ast the Ruffian (Ghoul Monk)                      Turns: 3337, Time: 00:18:41

HP:   0/52 (53)     AC:  2    Str: 16    XL:     6   Next: 71%
MP:   5/5           EV:  2    Int:  5    God:    Ru [*.....]
Gold: 142           SH:  0    Dex: 12    Spells: 0 memorised, 5 levels left

rFire  . . .     SeeInvis .       - Unarmed
rCold  + . .     Gourm    .     a - +0 robe
rNeg   + + +     Faith    .     (no shield)
rPois  ∞         Spirit   .     (no helmet)
rElec  .         Dismiss  .     (no cloak)
rCorr  +         Reflect  .     (no gloves)
SustAt .         Harm     .     (no boots)
MR     .....                    (no amulet)
Stlth  +.........               h - ring of resist corrosion
                                g - +3 ring of slaying

@: paralysed, very slightly contaminated, rotting, hasted, not resistant to
hostile enchantments, very unstealthy
A: rotting body, claws 1, carnivore 3, cold resistance 1, negative energy
resistance 3, slow regeneration 1, torment resistance, unbreathing, unskilled 1
a: Renounce Religion


You were on level 4 of the Dungeon.
You worshipped Ru.
Ru was aware of your devotion.
You were not hungry.

You visited 1 branch of the dungeon, and saw 4 of its levels.

You collected 142 gold pieces.

Inventory:

Armour
 a - a +0 robe (worn)
 f - a +1 hat
Jewellery
 g - a +3 ring of slaying (left claw)
 h - a ring of resist corrosion (right claw)
 l - an uncursed ring of teleportation
Scrolls
 j - a scroll of fear {unknown}
 m - 5 scrolls of identify
 r - a scroll of amnesia {unknown}
 t - a scroll of noise {unknown}
 u - a scroll of magic mapping {unknown}
 w - a scroll of enchant armour {unknown}
 y - a scroll of immolation {unknown}
 z - a scroll of enchant weapon {unknown}
 B - a scroll of remove curse
Potions
 d - a potion of haste
 e - a potion of ambrosia {unknown}
 i - a potion of cancellation {unknown}
 k - a potion of flight {unknown}
 n - a potion of invisibility {unknown}
 o - a potion of curing {unknown}
 q - 2 potions of cure mutation
 s - 2 potions of degeneration {unknown}
 x - 2 potions of lignification {unknown}
Comestibles
 b - 4 meat rations
 c - a beef jerky
 A - a slice of pizza


   Skills:
 * Level 4.5 Fighting
 * Level 3.9 Dodging
 + Level 3.0 Stealth
 * Level 5.4 Unarmed Combat


You had 5 spell levels left.
You didn't know any spells.

Dungeon Overview and Level Annotations

Branches:
Dungeon (4/15)
 Temple: D:4-7

Altars:
Fedhas
Ru
The Shining One

Annotations:
D:4 Grinder


Innate Abilities, Weirdness & Mutations

Your body is rotting away.
You thrive on raw meat.
You are immune to poison.
You have sharp fingernails.
You are carnivorous and can eat meat at any time.
Your flesh is cold resistant.
You are immune to negative energy.
You regenerate slowly when monsters are visible.
You are immune to unholy pain and torment.
You can survive without breathing.
You are somewhat unskilled (-1 Apt).


Message History

Grinder says, "What is the universe for?"
Grinder blinks!
The adder barely misses you.
You barely miss the adder. Grinder hits you!
The adder bites you but does no damage.
You closely miss the adder. The adder bites you. Grinder gestures at you.
You are unaffected.
You feel yourself speed up. The adder misses you. Grinder hits you!
You are very lightly contaminated with residual magic.
You barely miss Grinder. The adder bites you.
You claw Grinder!
Grinder is lightly wounded.
Grinder gestures at you.
You suddenly lose the ability to move!
The adder bites you. The adder bites you. Grinder hits you.
The adder bites you. Grinder hits you!
* * * LOW HITPOINT WARNING * * *
The adder bites you but does no damage. Grinder hits you!
You die...

##.## #####.#.# ##
#...########.)...#.#
#.#....).....#####.#
#...####≈##### #.#
##.####♣≈♣# #.#
...###≈≈≈≈♣# #.#
###....♣≈≈≈≈#
.....≈P≈≈P♣
.#...≈S@5P♣
#.♣...≈≈≈≈≈≈#
#♣P....≈≈≈≈≈#
♣≈≈..≈≈P≈≈≈♣
≈≈....≈≈≈≈≈≈≈
P≈≈...≈≈≈≈≈≈♣.
≈≈P..≈♣PP≈≈≈♣ >
P≈≈...≈≈≈≈≈≈♣


You could see Grinder and an adder.

Vanquished Creatures
  An ogre (D:4)
  Blork the orc (D:4)
  Terence (D:3)
  A worker ant (D:4)
  3 gnolls (D:2)
  5 adders
  3 oozes
  5 worms
  2 dart slugs
  3 giant geckos
  2 orcs
  A ball python (D:3)
  6 giant cockroaches
  5 goblins
  5 hobgoblins
  3 jackals (D:2)
  8 kobolds
  3 quokkas
  6 bats
  4 giant newts
  6 rats
  A fungus (D:1)
75 creatures vanquished.

Vanquished Creatures (others)
  2 plants (D:4)
2 creatures vanquished.

Grand Total: 77 creatures vanquished

Notes
Turn   | Place    | Note
--------------------------------------------------------------
     0 | D:1      | m0ast the Ghoul Monk began the quest for the Orb.
     0 | D:1      | Reached XP level 1. HP: 19/19 MP: 0/0
   123 | D:1      | Reached XP level 2. HP: 18/26 MP: 1/1
   571 | D:1      | Reached XP level 3. HP: 21/33 MP: 2/2
  1271 | D:2      | Found a glowing golden altar of the Shining One.
  1359 | D:2      | Found a blossoming altar of Fedhas.
  1458 | D:2      | Reached XP level 4. HP: 40/40 MP: 3/3
  1515 | D:2      | Reached skill level 5 in Unarmed Combat
  1877 | D:2      | Reached XP level 5. HP: 46/47 MP: 4/4
  2099 | D:3      | Noticed Terence
  2113 | D:3      | Killed Terence
  2526 | D:3      | Found a sacrificial altar of Ru.
  2536 | D:3      | Became a worshipper of Ru the Awakened
  2557 | D:3      | Gained mutation: You are somewhat unskilled (-1 Apt). [Ru sacrifice]
  2557 | D:3      | Reached * piety under Ru
  2640 | D:4      | Noticed Grinder
  2646 | D:4      | Noticed Blork the orc
  2646 | D:4      | Paralysed by Grinder for 2 turns
  2648 | D:4      | Noticed an ogre
  2663 | D:4      | Killed Blork the orc
  2663 | D:4      | Reached XP level 6. HP: 25/53 MP: 5/5
  2670 | D:4      | Paralysed by Grinder for 5 turns
  3070 | D:4      | Paralysed by Grinder for 2 turns
  3334 | D:4      | Paralysed by Grinder for 5 turns
  3337 | D:4      | Slain by Grinder

Skill      XL: |  1  2  3  4  5  6 |
---------------+-------------------+-----
Dodging        | 3 |  3.9
Fighting       | 4 |  4.5
Unarmed Combat | 5 |  5.4
Stealth        | 3 |  3.0

Action                   |  1- 3 |  4- 6 || total
-------------------------+-------+-------++-------
Melee: Unarmed           |   110 |   137 ||   247
       Punch             |     3 |     4 ||     7
Invok: Sacrifice Skill   |       |     1 ||     1
  Use: Scroll            |       |     4 ||     4
       Potion            |       |     4 ||     4
 Stab: Sleeping          |     6 |     2 ||     8
       Distracted        |     1 |       ||     1
  Eat: Chunk             |     9 |    14 ||    23
Armor: Robe              |    21 |    11 ||    32
Dodge: Dodged            |    46 |    67 ||   113
